 Dungeon Crawl Stone Soup version 0.18.1-48-g4cf74bf (webtiles) character file.

13689 Krapule the Grappler (level 11, -15/111 HPs)
             Began as a Troll Monk on July 13, 2016.
             Was a High Priest of Cheibriados.
             Demolished by an enormous slime creature (43 damage)
             ... on level 12 of the Dungeon.
             The game lasted 00:51:46 (10377 turns).

Krapule the Grappler (Troll Monk)                  Turns: 10377, Time: 00:51:46

Health: -15/111    AC: 10    Str: 37    XL:     11   Next: 78%
Magic:  13/13      EV: 17    Int: 20    God:    Cheibriados [*****.]
Gold:   566        SH: 16    Dex: 24    Spells: 0 memorised, 14 levels left

rFire  . . .     SeeInvis .       - Unarmed
rCold  . . .     Gourm    +     z - +0 steam dragon armour
rNeg   . . .     Faith    .     H - +0 shield
rPois  +         Spirit   .     V - +1 hat
rElec  .         Dismiss  .     A - +0 cloak
rCorr  .         Reflect  +     (gloves unavailable)
SustAt +         Harm     .     (boots unavailable)
MR     .....                    C - +3 amulet of reflection
Stlth  ++........               w - ring "Baudeas" {SustAt Str+3}
                                k - ring of poison resistance

@: very slow, not resistant to hostile enchantments, unstealthy
A: unfitting armour, claws 3, fast metabolism 3, gourmand, regeneration 2,
shaggy fur 1, tough skin 2
a: Bend Time, Temporal Distortion, Slouch, Step From Time, Renounce Religion


You were on level 12 of the Dungeon.
You worshipped Cheibriados.
Cheibriados was extremely pleased with you.
You were completely stuffed.

You visited 2 branches of the dungeon, and saw 13 of its levels.
You also visited: Bailey.

You collected 966 gold pieces.
You spent 400 gold pieces at shops.

Inventory:

Missiles
 q - 23 tomahawks of returning
 x - 4 javelins of penetration (quivered)
 N - 2 throwing nets
Armour
 z - a +0 steam dragon armour (worn)
 A - a +0 cloak (worn)
 H - a +0 shield (worn)
 V - a +1 hat (worn)
 X - a +2 robe of magic resistance
Magical Staves
 J - an uncursed staff of power
Jewellery
 g - an uncursed amulet of magic regeneration
 k - a ring of poison resistance (left claw)
 t - an uncursed amulet of regeneration
 w - the ring "Baudeas" (right claw) {SustAt Str+3}
   (You found it on level 11 of the Dungeon)

   [ring of sustain attributes]

   It sustains your strength, intelligence and dexterity.
   It affects your strength (+3).
 y - an uncursed ring of see invisible
 C - a +3 amulet of reflection (around neck)
 K - an uncursed ring of wizardry
 M - an uncursed ring of protection from cold
Wands
 i - a wand of iceblast (6/15)
 p - a wand of lightning (4/15)
 B - a wand of lightning (15/15)
 L - a wand of digging (12/24)
 R - a wand of digging (2/24)
 S - a wand of slowing (33/48)
 Z - a wand of flame (40/48)
Scrolls
 c - a scroll of identify
 j - a scroll of fear
 l - 6 scrolls of teleportation
 r - 5 scrolls of enchant weapon
 u - 2 scrolls of amnesia
 v - 2 scrolls of blinking
 P - a scroll of magic mapping
Potions
 a - 2 potions of invisibility {unknown}
 e - 2 potions of lignification
 f - a potion of curing
 n - 2 potions of agility
 s - 4 potions of brilliance
 D - a potion of flight
 O - 2 potions of heal wounds
 Q - a potion of ambrosia
 T - 2 potions of mutation {unknown}
 U - a potion of cure mutation
 W - a potion of magic
 Y - a potion of resistance {unknown}
Books
 E - a book of Alchemy

   Spells                             Type                      Level
   a - Sublimation of Blood           Necromancy                   2
   b - Ignite Poison                  Fire/Transmutation/Poison    3
   c - Petrify                        Transmutation/Earth          4
   d - Alistair's Intoxication        Transmutation/Poison         5
   e - Irradiate                      Conjuration/Transmutation    5
 F - a book of Conjurations

   Spells                             Type                      Level
   a - Magic Dart                     Conjuration                  1
   b - Searing Ray                    Conjuration                  2
   c - Dazzling Spray                 Conjuration/Hexes            3
   d - Fulminant Prism                Conjuration/Hexes            4
   e - Iskenderun's Mystic Blast      Conjuration                  4
   f - Iskenderun's Battlesphere      Conjuration/Charms           5
 I - a book of Changes

   Spells                             Type                      Level
   a - Beastly Appendage              Transmutation                1
   b - Sticks to Snakes               Transmutation                2
   c - Spider Form                    Transmutation/Poison         3
   d - Ice Form                       Ice/Transmutation            4
   e - Blade Hands                    Transmutation                5
Comestibles
 b - 8 bread rations
 d - 3 meat rations
 h - 8 fruits
 m - a chunk of flesh
 o - 4 slices of pizza
 G - 10 beef jerkies


   Skills:
 + Level 7.9 Fighting
 + Level 4.2 Throwing
 - Level 2.0 Armour
 + Level 8.1 Dodging
 - Level 1.5 Stealth
 + Level 6.4 Shields
 - Level 10.0 Unarmed Combat
 - Level 2.0 Spellcasting
 + Level 3.7 Invocations


You had 14 spell levels left.
You didn't know any spells.

Dungeon Overview and Level Annotations

Branches:
Dungeon (12/15)            Temple (1/1) D:5            Lair (0/8) D:10
    Orc (0/2) D:11

Altars:
Ashenzari
Cheibriados
Dithmenos
Elyvilon
Fedhas
Gozag
Kikubaaqudgha
Makhleb
Nemelex Xobeh
Okawaru
Pakellas
Qazlal
Ru
Sif Muna
Trog
Vehumet
Xom
Yredelemnul
Zin
The Shining One

Shops:
D:9 }   D:10 *

Portals:
Trove: D:11 (give +2 gold dragon armour)

Annotations:
D:8 exclusion: ice statue, Grum


Innate Abilities, Weirdness & Mutations

You are too large for most types of armour.
You have claws for hands.
Your metabolism is lightning-fast.
You like to eat raw meat.
You heal very quickly.
You are covered in fur (AC +1).
You have very tough skin (AC +2).


Message History

Two slime creatures merge to form a very large slime creature.
Two slime creatures merge to form an enormous slime creature.
You barely miss the large slime creature.
The large slime creature hits you!!
You claw the large slime creature!
The large slime creature is lightly wounded.
The large slime creature barely misses you.
You scratch the large slime creature.
The large slime creature is lightly wounded.
You mangle the large slime creature!!
The large slime creature is moderately wounded.
The large slime creature hits you!!
You scratch the large slime creature but do no damage.
The large slime creature is moderately wounded.
The large slime creature hits you!!
* * * LOW HITPOINT WARNING * * *
Two slime creatures merge to form a very large slime creature.
Two slime creatures merge to form an enormous slime creature.
The enormous slime creature hits you!!!
You die...

#.# #.#
#.# #.#
#<# #.#
#####.#
#.....#
#@#####
#J# #.#
#.# #.#
#.# #.#
#.# #.#


You could see an enormous slime creature.

Vanquished Creatures
  An unseen horror (D:11)
  4 hill giants
  Pikel (D:7)
  An orc knight (D:11)
  The ghost of FloraKitsune the Slicer, a novice KoAs (Bailey)
  2 manticores
  A kobold demonologist (D:11)
  A troll (D:9)
  Prince Ribbit (D:7)
  A shadow (D:11)
  A wyvern (D:10)
  5 yaks (D:10)
  A steam dragon (D:9)
  A hungry ghost (D:10)
  A hippogriff (D:10)
  A soldier ant (D:11)
  Duvessa (D:7)
  A water moccasin (D:5)
  An ice beast (D:11)
  10 orc warriors
  4 sky beasts
  4 slaves
  A wolf (D:7)
  8 ogres
  An eye of draining (D:11)
  2 centaurs
  4 big kobolds
  9 giant frogs
  2 gnoll sergeants
  Dowan (D:7)
  4 scorpions
  A wyvern skeleton (D:10)
  11 killer bees
  10 wights
  6 howler monkeys
  A giant frog zombie (D:9)
  8 crimson imps
  2 centaur zombies
  Crazy Yiuf (D:3)
  5 hounds
  5 orc priests
  A giant frog skeleton (D:10)
  2 jellies
  Jessica (D:3)
  5 iguanas
  11 orc wizards
  16 worker ants
  2 hound skeletons
  9 gnolls
  17 adders
  4 shadow imps
  3 oozes
  An adder skeleton (D:4)
  An adder zombie (D:7)
  5 worms
  2 dart slugs
  2 giant geckos
  48 orcs
  7 bats
  7 giant cockroaches
  13 goblins
  7 hobgoblins
  11 jackals
  20 kobolds
  6 quokkas
  2 ball pythons (D:4)
  2 giant gecko skeletons
  5 giant newts
  4 rats
341 creatures vanquished.

Vanquished Creatures (collateral kills)
  2 orcs (D:11)
2 creatures vanquished.

Vanquished Creatures (others)
  2 kobolds (Bailey)
2 creatures vanquished.

Grand Total: 345 creatures vanquished

Notes
Turn   | Place    | Note
--------------------------------------------------------------
     0 | D:1      | Krapule the Troll Monk began the quest for the Orb.
     0 | D:1      | Reached XP level 1. HP: 22/22 MP: 0/0
    38 | D:1      | Reached XP level 2. HP: 19/29 MP: 1/1
   158 | D:1      | Reached XP level 3. HP: 35/36 MP: 2/2
   773 | D:1      | Reached skill level 1 in Armour
  1017 | D:2      | Reached XP level 4. HP: 45/45 MP: 3/3
  1286 | D:2      | Found a basalt altar of Yredelemnul.
  1381 | D:2      | Found an ancient bone altar of Kikubaaqudgha.
  1656 | D:3      | Reached XP level 5. HP: 53/53 MP: 4/4
  1848 | D:3      | Noticed Jessica
  1862 | D:3      | Killed Jessica
  1912 | D:3      | Noticed Crazy Yiuf
  1918 | D:3      | Killed Crazy Yiuf
  2019 | D:4      | Reached XP level 6. HP: 61/61 MP: 5/5
  2074 | D:4      | Reached skill level 5 in Unarmed Combat
  2103 | D:4      | Found a white marble altar of Elyvilon.
  2671 | D:5      | Entered Level 5 of the Dungeon
  2727 | D:5      | Reached XP level 7. HP: 49/68 MP: 5/7
  2772 | D:5      | Reached skill level 1 in Spellcasting
  2927 | D:5      | Found a staircase to the Ecumenical Temple.
  2939 | Temple   | Entered the Ecumenical Temple
  3562 | D:5      | Reached skill level 6 in Unarmed Combat
  3577 | D:5      | Found a burning altar of Makhleb.
  3577 | D:5      | Found a radiant altar of Vehumet.
  3588 | D:5      | Reached XP level 8. HP: 69/79 MP: 9/9
  3932 | D:6      | Found a sparkling altar of Nemelex Xobeh.
  3978 | D:6      | Found an oddly glowing altar of Pakellas.
  4000 | D:6      | Found a glowing silver altar of Zin.
  4000 | D:6      | Found a basalt altar of Yredelemnul.
  4000 | D:6      | Found a blossoming altar of Fedhas.
  4001 | D:6      | Found an opulent altar of Gozag.
  4003 | D:6      | Found a shimmering altar of Xom.
  4096 | D:6      | Reached skill level 5 in Dodging
  4096 | D:6      | Reached skill level 1 in Shields
  4582 | D:7      | Reached skill level 5 in Fighting
  4826 | D:7      | You fall through a shaft for 3 floors!
  4826 | D:10     | Entered Level 10 of the Dungeon
  4826 | D:10     | Noticed a hill giant
  4826 | D:10     | Noticed a manticore
  4838 | D:10     | HP: 6/120 [hill giant/giant club (20)]
  4849 | D:10     | HP: 6/120 [manticore (6)]
  4850 | D:10     | Killed a hill giant
  4850 | D:10     | Reached skill level 7 in Unarmed Combat
  4850 | D:10     | Reached XP level 9. HP: 6/88 MP: 11/11
  4855 | D:10     | Killed a manticore
  5140 | D:9      | Found Liaph's Quality Used Wands.
  5413 | D:9      | Noticed a troll
  5437 | D:9      | Killed a troll
  5437 | D:9      | Reached skill level 8 in Unarmed Combat
  5726 | D:9      | Reached XP level 10. HP: 15/100 MP: 12/12
  6289 | D:8      | Found a sacrificial altar of Ru.
  6314 | D:8      | Identified Sif Muna's Reference Book on Lethal Flight
  6388 | D:8      | Found a flagged portal.
  6418 | Bailey   | Entered a bailey
  6483 | Bailey   | Noticed FloraKitsune's ghost (novice KoAs)
  6500 | Bailey   | Killed FloraKitsune's ghost
  6650 | Bailey   | Found an iron altar of Okawaru.
  6972 | D:8      | Reached skill level 5 in Shields
  7049 | D:8      | Noticed Grum
  7130 | D:7      | Noticed Pikel
  7137 | D:7      | Killed Pikel
  7137 | D:7      | Reached skill level 1 in Throwing
  7157 | D:7      | Found a snail-covered altar of Cheibriados.
  7162 | D:7      | Became a worshipper of Cheibriados the Contemplative
  7162 | D:7      | Reached * piety under Cheibriados
  7162 | D:7      | Reached ** piety under Cheibriados
  7166 | D:7      | Noticed Duvessa
  7167 | D:7      | Noticed Dowan
  7178 | D:7      | Killed Duvessa
  7198 | D:7      | Noticed Prince Ribbit
  7213 | D:7      | Killed Prince Ribbit
  7221 | D:7      | Killed Dowan
  7221 | D:7      | Reached skill level 9 in Unarmed Combat
  7221 | D:7      | Reached skill level 1 in Invocations
  8327 | D:8      | Noticed an ice statue
  8373 | D:8      | Found a deep blue altar of Sif Muna.
  8574 | D:10     | Reached *** piety under Cheibriados
  8661 | D:10     | Noticed a hill giant
  8667 | D:10     | Killed a hill giant
  8667 | D:10     | Reached XP level 11. HP: 109/109 MP: 13/13
  8755 | D:10     | Noticed a hill giant
  8768 | D:10     | Killed a hill giant
  8844 | D:10     | Found a staircase to the Lair.
  8898 | D:10     | Found Velui's Assorted Antiques.
  8905 | D:10     | Bought 2 metallic puce potions for 50 gold pieces
  8905 | D:10     | Bought a potion of heal wounds for 140 gold pieces
  8905 | D:10     | Bought a scroll of blinking for 210 gold pieces
  9070 | D:10     | Reached **** piety under Cheibriados
  9356 | D:11     | Got a scorched steel ring
  9358 | D:11     | Identified the ring "Baudeas" {SustAt Str+3} (You found it on level 11 of the Dungeon)
  9399 | D:11     | Killed an unseen horror
  9759 | D:11     | Noticed an orc knight
  9760 | D:11     | Reached ***** piety under Cheibriados
  9774 | D:11     | Noticed a hill giant
  9786 | D:11     | Killed an orc knight
  9792 | D:11     | Killed a hill giant
  9962 | D:11     | Reached skill level 10 in Unarmed Combat
 10022 | D:11     | Found a staircase to the Orcish Mines.
 10094 | D:11     | Found a portal to a secret trove of treasure.
 10377 | D:12     | Demolished by an enormous slime creature

Skill      XL: |  1  2  3  4  5  6  7  8  9 10 11 |
---------------+----------------------------------+-----
Armour         | 1 2 |  2.0
Fighting       | 3 4 5 6 7 |  7.9
Dodging        | 3 4 5 6 7 8 |  8.1
Unarmed Combat | 5 6 7 8 9 10 | 10.0
Spellcasting   | 1 2 |  2.0
Shields        | 2 4 5 6 |  6.4
Throwing       | 2 4 |  4.2
Invocations    | 1 3 |  3.7
Stealth        | |  1.5

Action                   |  1- 3 |  4- 6 |  7- 9 | 10-12 || total
-------------------------+-------+-------+-------+-------++-------
Melee: Unarmed           |    94 |   150 |   351 |   478 ||  1073
       Punch             |     3 |     5 |     3 |       ||    11
Throw: Javelin           |       |       |    12 |     1 ||    13
Invok: Slouch            |       |       |       |     2 ||     2
Evoke: Wand              |       |       |       |     2 ||     2
  Use: Scroll            |       |     6 |     1 |    18 ||    25
       Potion            |       |       |     6 |     1 ||     7
 Stab: Sleeping          |     1 |     3 |     3 |     4 ||    11
  Eat: Chunk             |    15 |     5 |    37 |    33 ||    90
       Beef jerky        |       |     1 |       |       ||     1
Armor: Robe              |    57 |    46 |    74 |    24 ||   201
       Skin              |       |       |    39 |     2 ||    41
       Steam dragon armo |       |       |       |    53 ||    53
Dodge: Dodged            |    78 |    67 |   122 |   205 ||   472
Block: Other             |       |     4 |     6 |     1 ||    11
       Shield            |       |       |   133 |   315 ||   448
       Reflection        |       |       |     2 |    45 ||    47
